 Dungeon Crawl Stone Soup version 0.31-a0-128-g25add195a6 (webtiles) character file.

Game seed: 6000216254811194437

8 IdlyInterested the Cudgeller (level 2, 0/24 HPs)
             Began as a Demonspawn Wanderer on June 1, 2023.
             Slain by a goblin
             ... wielding a +0 club
              (4 damage)
             ... on level 1 of the Dungeon.
             The game lasted 00:00:33 (50 turns).

IdlyInterested the Cudgeller (Demonspawn Wanderer)    Turns: 50, Time: 00:00:33

Health: 0/24       AC:  3    Str: 13    XL:     2   Next: 0%
Magic:  3/3        EV: 11    Int:  9    God:
Gold:   0          SH:  4    Dex: 15    Spells: 2/3 levels left

rFire   . . .        a - +3 mace
rCold   . . .        (no shield)
rNeg    . . .        c - +0 leather armour
rPois   .            (no helmet)
rElec   .            (no cloak)
rCorr   .            (no gloves)
SInv    .            (no boots)
Will    .....        (no amulet)
Stlth   +            (no ring)
HPRegen 0.24/turn    (no ring)
MPRegen 0.08/turn

%: no passive effects
@: no status effects
A: condensation shield
a: no special abilities


You were on level 1 of the Dungeon.
You visited 1 branch of the dungeon, and saw 1 of its levels.

Inventory:

Hand Weapons
 a - a +3 mace (weapon)
 e - a +0 short sword
Armour
 c - a +0 leather armour (worn)
Scrolls
 d - a scroll of immolation {unknown}
Potions
 b - a potion of attraction


   Skills:
 * Level 3.3 Fighting
 - Level 3.6 Maces & Flails
 - Level 1.0 Armour
 * Level 0.9 Dodging
 - Level 1.0 Spellcasting
 - Level 1.0 Conjurations


You had 2 spell levels left.
You knew the following spells:

 Your Spells              Type           Power      Damage    Failure   Level
a - Magic Dart            Conj           8%         1d3       30%         1

Your spell library contained the following spells:

 Spells                   Type           Power      Damage    Failure   Level
 Dazzling Flash           Conj/Hex       2%         N/A       75%         3


Dungeon Overview and Level Annotations

Branches:
Dungeon (1/15)

Altars:


Innate Abilities, Weirdness & Mutations

A meltable shield of frost defends you. (SH +4)


Message History

The bat attacks as you move away! The bat hits you but does no damage.
The ball python attacks as you move away!
The ball python barely misses you. x2; The bat hits you.
* * * LOW HITPOINT WARNING * * *
The bat closely misses you. The bat attacks as you move away! The bat hits you.
* * * LOW HITPOINT WARNING * * *
The bat hits you but does no damage.
You hit the ball python.
You kill the ball python!
The bat hits you but does no damage. The bat closely misses you.
You hit the bat.
The bat is heavily wounded.
The bat hits you but does no damage. The bat closely misses you.
The kobold throws a stone.
The stone closely misses you.
Okay, then.
You hit the bat.
You kill the bat!
The quokka bites you.
* * * LOW HITPOINT WARNING * * *
The quokka closely misses you.
You thump the dart slug!
You kill the dart slug!
The quokka bites you but does no damage.
You hit the kobold.
The kobold is severely wounded.
The quokka misses you. The kobold misses you.
The quokka bites you but does no damage.
You hit the kobold.
You kill the kobold!
A goblin comes into view. It is wielding a +0 club.
The quokka misses you.
You sock the quokka!
You kill the quokka!
You have reached level 2!
Your demonic ancestry asserts itself...
Frost condenses into a shield before you.
You barely miss the goblin. You block the goblin's attack.
You barely miss the goblin. The goblin hits you with a +0 club.
You die...

###''###.......#
#......##......#
#.≈≈≈≈.##......#
#.≈≈≈≈.##......#
#......##......### ..
###''###..........>..
#<.# #....######..:
#### #....# #....
#.#.@####.....
...#.†g#.......
.....#.#....#.K..
..................
.........#.#...##.
..............##
##.##.##...#.. #. #.
........ .. ......#..


You could see a goblin.

Vanquished Creatures
  A dart slug (D:1)
  A bat (D:1)
  2 kobolds (D:1)
  A quokka (D:1)
  A ball python (D:1)
6 creatures vanquished.

Notes
Turn   | Place    | Note
-------+----------+-------------------------------------------
     0 | D:1      | IdlyInterested the Demonspawn Wanderer began the quest for
                  | the Orb.
     0 | D:1      | IdlyInterested set off with the following items: a +3 mace,
                  | a potion of attraction, a +0 leather armour; and the
                  | following spell memorised: Magic Dart; and the following
                  | spells available to memorise: Dazzling Flash.
     0 | D:1      | Reached XP level 1. HP: 18/18 MP: 2/2
    49 | D:1      | Gained mutation: A meltable shield of frost defends you.
                  | (SH +4) [demonic ancestry]
    49 | D:1      | Reached XP level 2. HP: 3/24 MP: 3/3
    50 | D:1      | Slain by a goblin

Illustrated notes

Levels and vault maps discovered:
D:1:      lightli_arrival_lavapool, layout_rooms

Action                     || total
---------------------------++-------
  Melee: Mace              ||    11
 Armour: Leather armour    ||     8
  Dodge: Dodged            ||    19
  Block: Other             ||     1

Table legend: (Time is in decaauts)
 A = Elapsed time spent in this place.
 B = Non-inter-level travel time spent in this place.
 C = Inter-level travel time spent in this place.
 D = Time resting spent in this place.
 E = Time spent auto-exploring this place.
 F = Levels seen in this place.
 G = Mean time per level.
                   A        B        C        D        E       F      G
               +--------+--------+--------+--------+--------+-----+--------+
         Total |     52 |     52 |      0 |      0 |     26 |   1 |   52.0 |
       Dungeon |     52 |     52 |      0 |      0 |     26 |   1 |   52.0 |
               +--------+--------+--------+--------+--------+-----+--------+

Top non-repeatable levels by time:
     D:1: 52 daAuts
